[Event "ICC tourney 2523 (60 10)"]
[Site "Internet Chess Club"]
[Date "2021.04.17"]
[Round "1"]
[White "CARDOSO, KARELY:RYCSKarely2010"]
[Black "VETRI, PALMER:pvetri99"]
[Result "1-0"]
[ICCResult "Black checkmated"]
[WhiteElo "690"]
[BlackElo "921"]
[Opening "Four knights: Scotch, 4...exd4"]
[ECO "C47"]
[NIC "RG.01"]
[Time "10:24:58"]
[PlyCount "29"]
[TimeControl "3600+10"]

1. e4 e5 2. Nf3 Nf6 3. Nc3 Nc6 4. d4 exd4 5. Nxd4 Nxd4 6. Qxd4 b6 7. Bg5
Be7 8. Bc4 c5 9. Qd2 Nxe4 10. Nxe4 Bxg5 11. Nxg5 f6 12. Nf3 Qe7+ 13. Kf1
Kf8 14. Re1 Qd6 15. Qxd6# { Black checkmated } 1-0

[Event "ICC tourney 2523 (60 10)"]
[Site "Internet Chess Club"]
[Date "2021.04.17"]
[Round "1"]
[White "LEWIS, TROY:saphtroyl"]
[Black "SONI, ROHAN KAUL:rohanksoni"]
[Result "1-0"]
[ICCResult "Black checkmated"]
[WhiteElo "794"]
[BlackElo "374"]
[Opening "Richter-Veresov attack"]
[ECO "D01"]
[NIC "QP.08"]
[Time "10:25:14"]
[PlyCount "33"]
[TimeControl "3600+10"]

1. d4 d5 2. Nc3 Nf6 3. Bg5 Nc6 4. Bxf6 exf6 5. e4 dxe4 6. Nxe4 Nxd4 7. Nf3
Nxf3+ 8. Qxf3 Be7 9. Bb5+ c6 10. Bc4 O-O 11. Nd2 b5 12. Bd3 Bb7 13. O-O-O
a6 14. g4 Bc5 15. h4 Bd4 16. Qf5 c5 17. Qxh7# { Black checkmated } 1-0

[Event "ICC tourney 2523 (60 10)"]
[Site "Internet Chess Club"]
[Date "2021.04.17"]
[Round "1"]
[White "PLASSE, ANDREW:dplasse"]
[Black "HAN, WILLIAM M:LionsWilliamH"]
[Result "1-0"]
[ICCResult "Black checkmated"]
[WhiteElo "835"]
[BlackElo "619"]
[Opening "KP: Nimzovich defense"]
[ECO "B00"]
[NIC "VO.06"]
[Time "10:25:04"]
[PlyCount "35"]
[TimeControl "3600+10"]

1. e4 Nc6 2. d4 d5 3. e5 Bf5 4. c3 e6 5. Nf3 Qd7 6. Bf4 Be7 7. Bb5 a6 8.
Be2 O-O-O 9. b4 f6 10. exf6 Nxf6 11. a4 Rdg8 12. b5 axb5 13. axb5 Nb8 14.
Ra8 h5 15. Qa4 h4 16. Qa7 Kd8 17. Qxb8+ Qc8 18. Qxc8# { Black checkmated }
1-0

[Event "ICC tourney 2523 (60 10)"]
[Site "Internet Chess Club"]
[Date "2021.04.17"]
[Round "1"]
[White "SANTIAGO, WYATT:FierceLeopard"]
[Black "ADUSUMALLI, ANIRUDH SAI:Anichess2009"]
[Result "0-1"]
[ICCResult "White checkmated"]
[WhiteElo "642"]
[BlackElo "855"]
[Opening "Four knights: Italian variation"]
[ECO "C47"]
[NIC "KP.06"]
[Time "10:24:56"]
[PlyCount "54"]
[TimeControl "3600+10"]

1. e4 e5 2. Nf3 Nc6 3. Nc3 Nf6 4. Bc4 h6 5. O-O Bd6 6. d3 O-O 7. Be3 b6 8.
h3 Bb7 9. Qe2 Na5 10. d4 exd4 11. Nxd4 Nxc4 12. Qxc4 Qe7 13. Qe2 Nxe4 14.
Nxe4 Qxe4 15. Nf3 Bc5 16. Rfe1 Rfe8 17. Nd2 Qxc2 18. Qg4 Bxe3 19. fxe3 Qxd2
20. Rad1 Qxb2 21. Rxd7 Qc3 22. Rf1 Bc8 23. Rd4 Bxg4 24. hxg4 Qxe3+ 25. Kh1
Qxd4 26. Rg1 Qxg4 27. a4 Qh4# { White checkmated } 0-1

[Event "ICC tourney 2523 (60 10)"]
[Site "Internet Chess Club"]
[Date "2021.04.17"]
[Round "1"]
[White "MISCHLER, ELISE:SABHEMischler"]
[Black "Marshalleck, David T:LionsDavidM"]
[Result "0-1"]
[ICCResult "White checkmated"]
[WhiteElo "614"]
[BlackElo "833"]
[Opening "Four knights: Italian variation"]
[ECO "C55"]
[NIC "IG.01"]
[Time "10:24:50"]
[PlyCount "38"]
[TimeControl "3600+10"]

1. e4 e5 2. Nf3 Nc6 3. Bc4 Nf6 4. Nc3 Nxe4 5. Nxe4 d5 6. Bd3 dxe4 7. Bxe4
Bg4 8. O-O Nd4 9. c3 Nxf3+ 10. Bxf3 Bxf3 11. Qxf3 Be7 12. Re1 O-O 13. Rxe5
Bd6 14. Rd5 Re8 15. Qd1 Qf6 16. d3 Qh4 17. Rh5 Qxh5 18. Qd2 Qxh2+ 19. Kf1
Qh1# { White checkmated } 0-1

[Event "ICC tourney 2523 (60 10)"]
[Site "Internet Chess Club"]
[Date "2021.04.17"]
[Round "1"]
[White "MISCHLER, HEIDI:SABHHMischler"]
[Black "Leese, Harrison R:msleese"]
[Result "1-0"]
[ICCResult "Black checkmated"]
[WhiteElo "831"]
[BlackElo "613"]
[Opening "French: exchange, Svenonius variation"]
[ECO "C01"]
[NIC "FR.01"]
[Time "10:25:14"]
[PlyCount "43"]
[TimeControl "3600+10"]

1. e4 e6 2. d4 d5 3. exd5 exd5 4. Nc3 Nf6 5. Bg5 Bb4 6. Nf3 Bg4 7. Be2 O-O
8. O-O Nc6 9. Bxf6 Qxf6 10. Nxd5 Qd6 11. Nxb4 Rfe8 12. Nxc6 Qxc6 13. c3 Qe6
14. Re1 Bxf3 15. Bxf3 Qxe1+ 16. Qxe1 Rxe1+ 17. Rxe1 Rf8 18. Bxb7 h6 19. h3
Rb8 20. Be4 Rxb2 21. Bb1 Rb6 22. Re8# { Black checkmated } 1-0

[Event "ICC tourney 2523 (60 10)"]
[Site "Internet Chess Club"]
[Date "2021.04.17"]
[Round "1"]
[White "KLIPER, ALMA:AKliper"]
[Black "JONES, TAYLOR:WDSTJ1"]
[Result "1-0"]
[ICCResult "Black checkmated"]
[WhiteElo "662"]
[BlackElo "872"]
[Opening "Sicilian defense"]
[ECO "B30"]
[NIC "SI.31"]
[Time "10:24:36"]
[PlyCount "57"]
[TimeControl "3600+10"]

1. e4 c5 2. Nf3 Nc6 3. Nc3 g5 4. Nxg5 f6 5. Nf3 b6 6. d4 cxd4 7. Nxd4 Bb7
8. Nxc6 Bxc6 9. Bf4 d6 10. Bc1 Qd7 11. Ba6 Bb7 12. Be2 O-O-O 13. Bg4 e6 14.
Nd5 f5 15. exf5 Bxd5 16. fxe6 Bxe6 17. h3 Bxg4 18. hxg4 Nf6 19. Bg5 Be7 20.
Bxf6 Bxf6 21. Rh6 Bxb2 22. Rb1 Bc3+ 23. Kf1 d5 24. Qf3 Rde8 25. Qxc3+ Kd8
26. Re1 Ref8 27. Rc6 Qf7 28. Rc8+ Kd7 29. Qc7# { Black checkmated } 1-0

[Event "ICC tourney 2523 (60 10)"]
[Site "Internet Chess Club"]
[Date "2021.04.17"]
[Round "1"]
[White "Romolo, Ryan M:Ryro2013"]
[Black "SRINIVAS, AASHISH:aashish1212"]
[Result "0-1"]
[ICCResult "White checkmated"]
[WhiteElo "886"]
[BlackElo "676"]
[Opening "Petrov: Cozio (Lasker) attack"]
[ECO "C42"]
[NIC "RG.03"]
[Time "10:25:14"]
[PlyCount "86"]
[TimeControl "3600+10"]

1. e4 e5 2. Nf3 Nf6 3. Nxe5 d6 4. Nf3 Nxe4 5. Qe2 Qe7 6. d3 Nf6 7. Qxe7+
Bxe7 8. Bg5 Nc6 9. Nc3 O-O 10. d4 d5 11. Bd3 Re8 12. O-O-O Bg4 13. Rde1
Bxf3 14. gxf3 Nxd4 15. Re3 Bc5 16. Rhe1 Rxe3 17. Rxe3 Nb3+ 18. axb3 Bxe3+
19. fxe3 Re8 20. Bxf6 gxf6 21. Nxd5 Kg7 22. Nxc7 Rxe3 23. Nd5 Rxf3 24. Be4
Rf1+ 25. Kd2 Rf2+ 26. Ke3 Rxh2 27. Nf4 h5 28. Bxb7 h4 29. c4 h3 30. c5 Rxb2
31. c6 h2 32. c7 Rxb3+ 33. Ke4 Rb4+ 34. Kf5 Rb5+ 35. Kg4 Rg5+ 36. Kf3 h1=Q+
37. Ke3 Qxb7 38. c8=Q Qxc8 39. Nd5 Rxd5 40. Ke2 Qe8+ 41. Kf2 Rd2+ 42. Kf1
Qe2+ 43. Kg1 Qg2# { White checkmated } 0-1

[Event "ICC tourney 2523 (60 10)"]
[Site "Internet Chess Club"]
[Date "2021.04.17"]
[Round "1"]
[White "CHEN, LUKE:lukeychen"]
[Black "KARSTEN, ROWAN BRACK:RowanTheAwesome"]
[Result "0-1"]
[ICCResult "White checkmated"]
[WhiteElo "340"]
[BlackElo "786"]
[Opening "Petrov's defense"]
[ECO "C42"]
[NIC "RG.03"]
[Time "10:24:26"]
[PlyCount "40"]
[TimeControl "3600+10"]

1. e4 e5 2. Nf3 Nf6 3. Nxe5 Nc6 4. Nxc6 dxc6 5. d3 Bc5 6. Nc3 Ng4 7. Be2
Nxf2 8. Rf1 Nxd1 9. Kxd1 O-O 10. Bh5 Qh4 11. Bxf7+ Rxf7 12. g3 Rxf1+ 13.
Kd2 Qxh2+ 14. Ne2 Rf2 15. Kc3 Rxe2 16. Kc4 Rxc2+ 17. Kb3 Be6+ 18. Ka4 b5+
19. Ka5 Bb6+ 20. Ka6 Bc8# { White checkmated } 0-1

[Event "ICC tourney 2523 (60 10)"]
[Site "Internet Chess Club"]
[Date "2021.04.17"]
[Round "1"]
[White "SARR, MALICK:SABX4GOAT"]
[Black "BEAR, ASHWIN:ashwinb2012"]
[Result "0-1"]
[ICCResult "White checkmated"]
[WhiteElo "681"]
[BlackElo "912"]
[Opening "Scandinavian (center counter) defense"]
[ECO "B01"]
[NIC "VO.17"]
[Time "10:28:49"]
[PlyCount "42"]
[TimeControl "3600+10"]

1. e4 d5 2. Nc3 d4 3. Nb5 c6 4. Na3 Nf6 5. d3 Bg4 6. Ne2 Bxe2 7. Bxe2 e6 8.
O-O Bc5 9. Bg5 O-O 10. c3 dxc3 11. bxc3 Bxa3 12. Rb1 b6 13. Rb2 Bxb2 14.
Bxf6 Qxf6 15. Qb3 Qxc3 16. Qd1 Na6 17. Bh5 Qe5 18. Qg4 Qf6 19. Re1 Kh8 20.
Re3 Ba3 21. Rf3 Qa1# { White checkmated } 0-1

[Event "ICC tourney 2523 (60 10)"]
[Site "Internet Chess Club"]
[Date "2021.04.17"]
[Round "1"]
[White "javeri, kiaan:kiaanj"]
[Black "HOWE, WILEY:wileyhowe"]
[Result "1-0"]
[ICCResult "Black checkmated"]
[WhiteElo "938"]
[BlackElo "700"]
[Opening "Four knights: Scotch variation"]
[ECO "C47"]
[NIC "KP.06"]
[Time "10:25:14"]
[PlyCount "91"]
[TimeControl "3600+10"]

1. e4 e5 2. Nf3 Nc6 3. Nc3 Nf6 4. d4 Bd6 5. Bg5 O-O 6. Nd5 exd4 7. Nxf6+
gxf6 8. Bh6 Re8 9. Bd3 Re5 10. Nxe5 fxe5 11. O-O Qh4 12. Qd2 b6 13. g3 Qh5
14. Be2 Qg6 15. Qg5 Qxg5 16. Bxg5 Bb7 17. f4 exf4 18. Bxf4 Kf8 19. Bh5 f6
20. Bxd6+ cxd6 21. Rxf6+ Ke7 22. Raf1 Kd8 23. Rf8+ Kc7 24. Rxa8 Bxa8 25. g4
Ne7 26. Rf7 Ng8 27. Rf8 Bxe4 28. Rxg8 Bxc2 29. g5 d3 30. g6 hxg6 31. Bxg6
d2 32. Bxc2 Kc6 33. h4 d5 34. Rg2 Kc5 35. Rxd2 d4 36. h5 Kc4 37. Bd3+ Kd5
38. h6 Kc5 39. h7 Kd6 40. h8=Q Ke6 41. Qxd4 Ke7 42. Bb5 Kf7 43. Re2 Kg6 44.
Qf4 Kh7 45. Rg2 Kh8 46. Qh4# { Black checkmated } 1-0

[Event "ICC tourney 2523 (60 10)"]
[Site "Internet Chess Club"]
[Date "2021.04.17"]
[Round "1"]
[White "LUNA, LIAM:liamluna"]
[Black "MAK, OLIVER CHAN:Oliver1004"]
[Result "0-1"]
[ICCResult "White checkmated"]
[WhiteElo "989"]
[BlackElo "736"]
[Opening "Scotch: Schmidt variation"]
[ECO "C45"]
[NIC "SO.04"]
[Time "10:24:20"]
[PlyCount "104"]
[TimeControl "3600+10"]

1. e4 e5 2. Nf3 Nc6 3. d4 exd4 4. Nxd4 Nf6 5. Nc3 Bc5 6. Be3 d6 7. Nxc6
bxc6 8. Bxc5 dxc5 9. Qxd8+ Kxd8 10. O-O-O+ Bd7 11. e5 Ng4 12. Rd2 Nxe5 13.
Be2 Re8 14. Rhd1 Re7 15. Ne4 Ke8 16. Nxc5 Bg4 17. Bxg4 Nxg4 18. Nb7 f6 19.
h3 Ne5 20. Rd8+ Rxd8 21. Rxd8+ Kf7 22. Nc5 Ng6 23. Rd7 Rxd7 24. Nxd7 Nf4
25. g3 Nxh3 26. f4 Nf2 27. Kd2 Ne4+ 28. Ke3 Nxg3 29. c4 Nf5+ 30. Kf3 Nd6
31. b3 g5 32. fxg5 fxg5 33. Kg4 Kg6 34. Nf8+ Kh6 35. Ne6 Kg6 36. Nxg5 h5+
37. Kh4 Nf5+ 38. Kh3 Kxg5 39. a4 a5 40. c5 h4 41. Kg2 Kg4 42. Kh2 h3 43.
Kg1 Kg3 44. Kh1 Ne7 45. Kg1 Nd5 46. Kh1 Nf4 47. Kg1 Nd3 48. Kh1 Nf2+ 49.
Kg1 h2+ 50. Kf1 h1=Q+ 51. Ke2 Qf3+ 52. Kf1 Qd1# { White checkmated } 0-1

[Event "ICC tourney 2523 (60 10)"]
[Site "Internet Chess Club"]
[Date "2021.04.17"]
[Round "1"]
[White "WILSON, HANSEN:LionsHansenW"]
[Black "Vesval, Emma:Latecutehat"]
[Result "0-1"]
[ICCResult "White checkmated"]
[WhiteElo "805"]
[BlackElo "463"]
[Opening "Sicilian: Hungarian variation"]
[ECO "B27"]
[NIC "SI.43"]
[Time "10:24:19"]
[PlyCount "84"]
[TimeControl "3600+10"]

1. e4 c5 2. Nf3 g6 3. d4 cxd4 4. Qxd4 Nf6 5. Nc3 Nc6 6. Qd1 e6 7. Bg5 Be7
8. Bc4 d5 9. exd5 exd5 10. Nxd5 Nxd5 11. Bxd5 Bxg5 12. Bxc6+ bxc6 13. Qxd8+
Bxd8 14. O-O-O Bg4 15. Rhe1+ Be7 16. h3 Bxf3 17. gxf3 Rd8 18. Rxd8+ Kxd8
19. Rd1+ Kc7 20. Kd2 Rd8+ 21. Ke1 Bf6 22. Rb1 Re8+ 23. Kd1 Rb8 24. b3 Bc3
25. Ke2 Rd8 26. Rf1 Rd2+ 27. Ke3 Rxc2 28. Kd3 Rxa2 29. Kxc3 Kb6 30. Rd1
Rxf2 31. Rd7 Rxf3+ 32. Kb2 h5 33. Ka3 f5 34. Ka4 Rxh3 35. Rg7 Rh4+ 36. b4
c5 37. Rf7 Rxb4+ 38. Ka3 Kb5 39. Rb7+ Kc4 40. Rxa7 Rb3+ 41. Ka4 Rb1 42. Ra6
Ra1# { White checkmated } 0-1

[Event "ICC tourney 2523 (60 10)"]
[Site "Internet Chess Club"]
[Date "2021.04.17"]
[Round "1"]
[White "LIAO, KATY LEE:KatyLiao"]
[Black "CHEW, ATTICUS:AtticusChew"]
[Result "1-0"]
[ICCResult "Black checkmated"]
[WhiteElo "857"]
[BlackElo "642"]
[Opening "Three knights game"]
[ECO "C46"]
[NIC "KP.06"]
[Time "10:24:22"]
[PlyCount "147"]
[TimeControl "3600+10"]

1. e4 e5 2. Nf3 Nc6 3. Nc3 Bc5 4. Nxe5 d6 5. Nxc6 bxc6 6. Bc4 Nf6 7. O-O
O-O 8. h3 Re8 9. d3 d5 10. exd5 cxd5 11. Bb3 d4 12. Ne2 Qd6 13. c3 dxc3 14.
Nxc3 Bb7 15. Bd2 Qc6 16. Qf3 Qxf3 17. gxf3 Bxf3 18. Na4 Bb6 19. Nxb6 cxb6
20. Bc3 Re6 21. Bxe6 fxe6 22. Bxf6 gxf6 23. Kh2 Kf7 24. Kg3 Be2 25. Rfe1
Bxd3 26. Red1 Bb5 27. a4 Bc6 28. Rd6 Bd5 29. Rd7+ Kg6 30. Kg4 h5+ 31. Kf4
Rc8 32. Rxa7 Rc2 33. Kg3 Rxb2 34. a5 bxa5 35. R7xa5 Rb3+ 36. Kh2 Rb2 37.
Kg1 Kg5 38. R1a4 Rb1+ 39. Kh2 f5 40. h4+ Kf6 41. Kg3 Rg1+ 42. Kh2 Rf1 43.
Kg3 Rh1 44. Rc5 Ke5 45. f4+ Kd6 46. Rca5 Rg1+ 47. Kh3 Rh1+ 48. Kg3 Rg1+ 49.
Kh3 Rh1+ 50. Kg3 Rg1+ 51. Kh3 Rh1+ 52. Kg3 Rg1+ 53. Kh3 Rh1+ 54. Kg3 e5 55.
fxe5+ Kxe5 56. Rc4 Ke6 57. Rd4 Rg1+ 58. Kh3 Rh1+ 59. Kg3 Rg1+ 60. Kh3 Rh1+
61. Kg3 Rg1+ 62. Kh3 Rh1+ 63. Kg3 Rg1+ 64. Kh3 Rh1+ 65. Kg3 Rg1+ 66. Kh3
Rh1+ 67. Kg3 Rg1+ 68. Kh3 f4 69. Rdxd5 Rg3+ 70. Kh2 Re3 71. Rxh5 f3 72.
Ra6+ Kd7 73. Rh7+ Kc8 74. Ra8# { Black checkmated } 1-0

[Event "ICC tourney 2523 (60 10)"]
[Site "Internet Chess Club"]
[Date "2021.04.17"]
[Round "1"]
[White "LAMA, SUBRINA:sahysubrina"]
[Black "FLORES, MILES GREGORIO  DOWSHEN :MilesFlores"]
[Result "0-1"]
[ICCResult "White checkmated"]
[WhiteElo "872"]
[BlackElo "660"]
[Opening "Queen's pawn"]
[ECO "A40"]
[NIC "QO.17"]
[Time "10:25:13"]
[PlyCount "62"]
[TimeControl "3600+10"]

1. d4 e6 2. Bf4 d5 3. e3 Nf6 4. c3 Bd6 5. Bg3 Bxg3 6. hxg3 O-O 7. Bd3 Nc6
8. Qc2 h6 9. Nf3 Qd6 10. e4 dxe4 11. Bxe4 Nxe4 12. Qxe4 Qd5 13. Qd3 Qf5 14.
Qe2 Re8 15. Nh4 Qg5 16. f4 Qf6 17. Qd3 Ne7 18. Nd2 Ng6 19. Ndf3 Nxh4 20.
Nxh4 g5 21. fxg5 Qxg5 22. Rf1 e5 23. Qf3 exd4+ 24. Kd1 Bg4 25. cxd4 Bxf3+
26. Nxf3 Qf6 27. Kc2 Re2+ 28. Kb1 Qb6 29. b3 Qc6 30. Rc1 Qe4+ 31. Rc2 Qxc2#
{ White checkmated } 0-1

[Event "ICC tourney 2523 (60 10)"]
[Site "Internet Chess Club"]
[Date "2021.04.17"]
[Round "1"]
[White "WHELCHEL, EVAN:Ewhelchel"]
[Black "Dela Luna-buder, Johann:JohannLuna"]
[Result "0-1"]
[ICCResult "White checkmated"]
[WhiteElo "855"]
[BlackElo "640"]
[Opening "Alekhine's defense: Scandinavian variation"]
[ECO "B02"]
[NIC "AL.10"]
[Time "10:25:14"]
[PlyCount "70"]
[TimeControl "3600+10"]

1. e4 Nf6 2. Nc3 d5 3. exd5 Nxd5 4. Nxd5 Qxd5 5. Nf3 Nc6 6. b3 Bg4 7. Bb2
e5 8. Be2 Bc5 9. O-O O-O 10. Qe1 Rfe8 11. Bc4 Qd7 12. Nxe5 Nxe5 13. Bxe5
Bd4 14. h3 Bxe5 15. hxg4 Bh2+ 16. Kxh2 Rxe1 17. Raxe1 Qxd2 18. Re7 Qd6+ 19.
g3 Qxe7 20. Rd1 Rd8 21. Rh1 Qd7 22. Kg2 Qxg4 23. Bd3 g6 24. Bc4 Qd7 25. Re1
a6 26. a4 b5 27. axb5 axb5 28. Bd3 c5 29. c4 Qxd3 30. Re5 bxc4 31. Rxc5
cxb3 32. Rc7 b2 33. Re7 b1=Q 34. Ra7 Qe4+ 35. Kh3 Qbh1# { White checkmated
} 0-1

[Event "ICC tourney 2523 (60 10)"]
[Site "Internet Chess Club"]
[Date "2021.04.17"]
[Round "1"]
[White "Skanda, Saurav:sauravs"]
[Black "FITZPATRICK, CONNOR:Savethegoats"]
[Result "1-0"]
[ICCResult "Black checkmated"]
[WhiteElo "781"]
[BlackElo "275"]
[Opening "Four knights: double Ruy Lopez"]
[ECO "C49"]
[NIC "KP.03"]
[Time "10:24:28"]
[PlyCount "57"]
[TimeControl "3600+10"]

1. e4 e5 2. Nf3 Nc6 3. Bb5 Nf6 4. Nc3 Bb4 5. Bxc6 dxc6 6. O-O Qd6 7. Re1
Bg4 8. h3 Be6 9. a3 Bxc3 10. bxc3 O-O 11. d4 exd4 12. cxd4 Rad8 13. e5 Qd5
14. exf6 g6 15. Bh6 Rfe8 16. Rb1 Qa2 17. Rxb7 Qxa3 18. Rxc7 Qa5 19. Rxc6
Bd7 20. Rxe8+ Rxe8 21. Rc5 Qb4 22. Re5 Rxe5 23. Nxe5 Be6 24. Nd3 Qxd4 25.
Qf3 Qa1+ 26. Kh2 Qd4 27. Qa8+ Bc8 28. Qxc8+ Qd8 29. Qxd8# { Black
checkmated } 1-0

[Event "ICC tourney 2523 (60 10)"]
[Site "Internet Chess Club"]
[Date "2021.04.17"]
[Round "1"]
[White "NAGUMALLA, NIHAS:nihas204"]
[Black "EPPEL, NATHAN:NathanE42"]
[Result "0-1"]
[ICCResult "White checkmated"]
[WhiteElo "711"]
[BlackElo "961"]
[Opening "Sicilian: Hungarian variation"]
[ECO "B27"]
[NIC "SI.43"]
[Time "10:24:46"]
[PlyCount "138"]
[TimeControl "3600+10"]

1. e4 c5 2. Nf3 g6 3. Bc4 Bg7 4. Ng5 d5 5. exd5 Nf6 6. Nc3 O-O 7. O-O Ng4
8. Qf3 Ne5 9. Qf4 Nxc4 10. Qxc4 e5 11. Qh4 h6 12. Nf3 Qxh4 13. Nxh4 Na6 14.
d3 Nb4 15. Be3 Nxc2 16. Bxc5 Nxa1 17. Bxf8 Bxf8 18. Rxa1 Be7 19. Nf3 Bf5
20. d4 exd4 21. Nxd4 Bd3 22. Re1 Bc5 23. Nb3 Bb6 24. Rd1 Bc2 25. Rd2 Bxb3
26. axb3 Rd8 27. Ne4 Ba5 28. Rd1 f5 29. Nf6+ Kf7 30. Nh7 Rh8 31. d6 Rxh7
32. d7 Rh8 33. b4 Bb6 34. Rd6 Bc7 35. Rd5 Ke6 36. Rd4 Rd8 37. Rd1 Rxd7 38.
Rxd7 Kxd7 39. f3 a5 40. bxa5 Bxa5 41. g4 fxg4 42. fxg4 Bb6+ 43. Kg2 Bd4 44.
b3 Ke6 45. Kg3 Kf6 46. Kf4 Be5+ 47. Ke4 Bxh2 48. Kd5 Bg1 49. Kd6 b6 50. b4
Kg5 51. Kc6 Kxg4 52. Kd6 h5 53. Ke6 h4 54. Kf6 h3 55. Kxg6 h2 56. Kg7 h1=Q
57. Kg8 Qh6 58. Kf7 Kf5 59. Ke7 Qg6 60. Kd7 Qf6 61. Ke8 Qg7 62. Kd8 Qf7 63.
Kc8 Qe7 64. Kb8 Qd7 65. Ka8 Ke6 66. Kb8 Kd6 67. Ka8 Kc6 68. Kb8 Bh2+ 69.
Ka8 Qb7# { White checkmated } 0-1

[Event "ICC tourney 2523 (60 10)"]
[Site "Internet Chess Club"]
[Date "2021.04.17"]
[Round "1"]
[White "WEST, JACK:JWest139"]
[Black "LI, RUI-XING:Ruixing"]
[Result "0-1"]
[ICCResult "White checkmated"]
[WhiteElo "821"]
[BlackElo "568"]
[Opening "Sicilian: Scheveningen variation"]
[ECO "B80"]
[NIC "SI.19"]
[Time "10:25:14"]
[PlyCount "64"]
[TimeControl "3600+10"]

1. e4 c5 2. Nf3 d6 3. d4 cxd4 4. Nxd4 Nf6 5. Nc3 e6 6. Be3 Be7 7. f3 a6 8.
Qd2 Qc7 9. Bd3 Nbd7 10. h4 b5 11. Nb3 Bb7 12. h5 h6 13. g4 Nh7 14. g5 Nxg5
15. Bxg5 Bxg5 16. f4 Bf6 17. O-O-O Rc8 18. Qg2 Bxc3 19. bxc3 Qxc3 20. Rhg1
Rg8 21. f5 exf5 22. exf5 Bxg2 23. Rde1+ Kf8 24. Re2 Qxd3 25. Rgxg2 Qc3 26.
Rg1 a5 27. Rge1 a4 28. Nd2 Qa1+ 29. Nb1 Qxa2 30. Nc3 Qc4 31. Nb1 b4 32. Re4
Qxc2# { White checkmated } 0-1

[Event "ICC tourney 2523 (60 10)"]
[Site "Internet Chess Club"]
[Date "2021.04.17"]
[Round "1"]
[White "QUINONES, MADELYN:rycsMadelyn"]
[Black "KHALIZOV, RASSUL:rassulk"]
[Result "0-1"]
[ICCResult "White checkmated"]
[WhiteElo "600"]
[BlackElo "829"]
[Opening "Four knights: double Ruy Lopez"]
[ECO "C49"]
[NIC "KP.03"]
[Time "10:25:14"]
[PlyCount "64"]
[TimeControl "3600+10"]

1. e4 e5 2. Nf3 Nf6 3. Nc3 Nc6 4. Bb5 Bb4 5. Bxc6 Bxc3 6. dxc3 dxc6 7.
Qxd8+ Kxd8 8. Bg5 Bg4 9. Bxf6+ gxf6 10. O-O-O+ Ke7 11. Nh4 Bxd1 12. Rxd1 a5
13. Nf5+ Ke8 14. Ng7+ Kf8 15. Nh5 Ke7 16. f4 Rhg8 17. fxe5 fxe5 18. g3 Rg5
19. g4 Rxg4 20. Ng3 h5 21. Nf5+ Ke6 22. b4 axb4 23. cxb4 Rxa2 24. c4 Rgg2
25. Kb1 Rxh2 26. b5 f6 27. bxc6 bxc6 28. Ng7+ Kf7 29. Rd7+ Kg6 30. Rxc7
Rae2 31. Rd7 Rh1+ 32. Rd1 Rxd1# { White checkmated } 0-1

[Event "ICC tourney 2523 (60 10)"]
[Site "Internet Chess Club"]
[Date "2021.04.17"]
[Round "1"]
[White "AL-SATI, HADI A:chsshd"]
[Black "SHAH, NIKHIL:NShah08"]
[Result "1-0"]
[ICCResult "Black checkmated"]
[WhiteElo "678"]
[BlackElo "890"]
[Opening "Three knights game"]
[ECO "C46"]
[NIC "KP.06"]
[Time "10:25:14"]
[PlyCount "83"]
[TimeControl "3600+10"]

1. e4 e5 2. Nf3 Nc6 3. Nc3 d5 4. Nxd5 Be6 5. Bc4 Nf6 6. Nxf6+ Qxf6 7. Bxe6
Qxe6 8. d3 Bc5 9. Be3 Bb4+ 10. c3 Bd6 11. O-O O-O 12. c4 Be7 13. b3 Qd6 14.
Qe2 Nb4 15. Rad1 Rfd8 16. a4 Nxd3 17. Rd2 Rd7 18. Rfd1 Rad8 19. Ne1 Qb4 20.
Nxd3 Rxd3 21. Rxd3 Rxd3 22. Qxd3 Bf6 23. Bxa7 b6 24. Bb8 Qe7 25. a5 Qe8 26.
Bxc7 bxa5 27. Bxa5 Be7 28. g3 h6 29. b4 Qb8 30. Rb1 Qb7 31. b5 Qa7 32. Qd2
Qb7 33. Qd5 Qa7 34. Bd8 Bc5 35. b6 Qa5 36. b7 Qc3 37. Qxc5 Qf3 38. b8=Q Qf6
39. Bxf6+ Kh7 40. Bxg7 Kxg7 41. Qcf8+ Kh7 42. Qg8# { Black checkmated } 1-0

[Event "ICC tourney 2523 (60 10)"]
[Site "Internet Chess Club"]
[Date "2021.04.17"]
[Round "1"]
[White "ESTRADA, ELIJAH:aw3some-elijah2"]
[Black "Bi, Lige:Bilige1103"]
[Result "1-0"]
[ICCResult "Black checkmated"]
[WhiteElo "395"]
[BlackElo "802"]
[Opening "Sicilian"]
[ECO "B50"]
[NIC "SI.01"]
[Time "10:24:38"]
[PlyCount "47"]
[TimeControl "3600+10"]

1. e4 c5 2. Nf3 d6 3. Nc3 Nc6 4. Bb5 Bd7 5. Bxc6 Bxc6 6. d4 cxd4 7. Nxd4
Nf6 8. O-O Nxe4 9. Nxc6 Nxc3 10. Nxd8 Rxd8 11. bxc3 g6 12. Qd4 e5 13. Qa4+
Rd7 14. Qxa7 Be7 15. Qa8+ Bd8 16. Rb1 O-O 17. Rxb7 Bb6 18. Qa6 Bc7 19. Qc6
Rdd8 20. Qxc7 Rc8 21. Qxd6 Rxc3 22. Bh6 Rcc8 23. Qf6 Rxc2 24. Qg7# { Black
checkmated } 1-0

[Event "ICC tourney 2523 (60 10)"]
[Site "Internet Chess Club"]
[Date "2021.04.17"]
[Round "1"]
[White "MUKHERJI, RAI:RaiChess"]
[Black "Owusu-Boakye, Kwame:KwamzChess"]
[Result "0-1"]
[ICCResult "White checkmated"]
[WhiteElo "964"]
[BlackElo "713"]
[Opening "Sicilian: Alapin's variation (2.c3)"]
[ECO "B22"]
[NIC "SI.46"]
[Time "10:24:36"]
[PlyCount "72"]
[TimeControl "3600+10"]

1. e4 c5 2. c3 e5 3. Nf3 Nc6 4. Bc4 Nf6 5. d3 Be7 6. O-O O-O 7. Re1 d6 8.
d4 cxd4 9. cxd4 exd4 10. Nxd4 Nxd4 11. Qxd4 Qa5 12. Bd2 Qh5 13. Be2 Qc5 14.
Qd5 Nxd5 15. exd5 Qxd5 16. Bf3 Qb5 17. Rxe7 Qxb2 18. Bc3 Qc1+ 19. Re1 Qg5
20. Bd2 Qf6 21. Bc3 Qd8 22. Nd2 Bf5 23. Bxb7 Rb8 24. Bd5 Re8 25. Rec1 Rc8
26. Bb7 Rc7 27. Bf3 Qc8 28. Nf1 Rxc3 29. Bb7 Qc7 30. Rxc3 Qxc3 31. Rd1 Qe5
32. Bc6 Rc8 33. Rb1 Bxb1 34. Bd7 Rc1 35. Ba4 Bd3 36. Bb3 Rxf1# { White
checkmated } 0-1

[Event "ICC tourney 2523 (60 10)"]
[Site "Internet Chess Club"]
[Date "2021.04.17"]
[Round "1"]
[White "GERA, NEIL C:neilgera"]
[Black "SIMMONS, ZION:ZionSimmons"]
[Result "1/2-1/2"]
[ICCResult "Game drawn by mutual agreement"]
[WhiteElo "721"]
[BlackElo "987"]
[Opening "Scotch game"]
[ECO "C45"]
[NIC "SO.04"]
[Time "10:24:27"]
[PlyCount "142"]
[TimeControl "3600+10"]

1. e4 e5 2. Nf3 Nc6 3. d4 exd4 4. Nxd4 Nxd4 5. Qxd4 Be7 6. Qxg7 Bf6 7. Qg3
Ne7 8. Qf3 Nc6 9. Bc4 Qe7 10. O-O d6 11. Bb5 Bd7 12. Nc3 O-O-O 13. Re1 Rhg8
14. h3 Rde8 15. Bc4 Ref8 16. Nd5 Qd8 17. Qxf6 Qxf6 18. Nxf6 Rg6 19. Nd5 Be6
20. Bf4 Bxd5 21. Bxd5 Nd4 22. Rac1 Nf3+ 23. Kf1 Nxe1 24. Rxe1 Rf6 25. Bg3
Rg8 26. Bh4 Rf4 27. g3 Rf3 28. c3 c6 29. Bb3 Re8 30. Ke2 Rxe4+ 31. Kxf3
Rxe1 32. Bxf7 Rb1 33. b4 Ra1 34. Ke3 d5 35. Bg8 Rxa2 36. f4 a5 37. bxa5
Rxa5 38. f5 Kd7 39. f6 Ke8 40. f7+ Kf8 41. Bg5 Ra8 42. Bh6+ Ke7 43. f8=Q+
Rxf8 44. Bxf8+ Kxf8 45. Bxh7 Kg7 46. Bf5 b5 47. Kd4 Kf6 48. g4 Ke7 49. h4
Kd6 50. h5 c5+ 51. Kd3 Ke5 52. h6 Kf6 53. g5+ Kf7 54. g6+ Kg8 55. h7+ Kg7
56. Kc2 Kh8 57. Be6 d4 58. cxd4 cxd4 59. Kd3 b4 60. Kxd4 b3 61. Bxb3 Kg7
62. Bf7 Kh8 63. Ke5 Kg7 64. Kf5 Kh8 65. Ke6 Kg7 66. Ke7 Kh8 67. Ke8 Kg7 68.
Bg8 Kh8 69. g7+ Kxg7 70. Ke7 Kh8 71. Ke6 Kg7 { Game drawn by mutual
agreement } 1/2-1/2